 Dungeon Crawl Stone Soup version 0.28-a0-1447-ga5a8893891 (webtiles) character file.

Game seed: 13705135476972988826

8168 fragbeetle the Geomancer (level 11, -2/67 HPs)
             Began as a Gargoyle Earth Elementalist on Jan 12, 2022.
             Was an Initiate of Gozag.
             Slain by a komodo dragon (10 damage)
             ... on level 9 of the Dungeon.
             The game lasted 00:41:45 (13539 turns).

fragbeetle the Geomancer (GrEE)                    Turns: 13539, Time: 00:41:46

Health: -2/67      AC: 13    Str: 12    XL:     11   Next: 26%
Magic:  2/23       EV: 15    Int: 20    God:    Gozag
Gold:   355        SH:  0    Dex: 16    Spells: 10/14 levels left

rFire   . . .      SeeInvis +   N - +2 quarterstaff of the Wilderness {freeze, SInv}
rCold   . . .      Faith    .   (shield currently unavailable)
rNeg    + . .      Spirit   .   b - +0 robe
rPois   ∞          Reflect  .   u - +0 helmet
rElec   +          Harm     .   z - +0 cloak
rCorr   .          Rampage  .   J - +0 pair of gloves
Will    .....                   (no boots)
Stlth   ++........              (no amulet)
HPRegen 0.21/turn               L - ring of magical power
MPRegen 0.18/turn               j - +6 ring of dexterity

@: no status effects
A: sickness immunity, AC +8, negative energy resistance 1, electricity
resistance, torment resistance 1, petrification resistance
a: Renounce Religion, Potion Petition, Call Merchant, Bribe Branch


You were on level 9 of the Dungeon.
You worshipped Gozag.
Gozag was aware of your devotion.
You visited 2 branches of the dungeon, and saw 10 of its levels.
You also visited: Ossuary and Bailey.

You collected 524 gold pieces.
You paid 169 gold pieces to Gozag.

Inventory:

Hand Weapons
 h - a +0 flail
 s - a +4 dagger
 y - a +1 spear of flaming
 N - the +2 quarterstaff of the Wilderness (weapon) {freeze, SInv}
   (You found it in a bailey)

   It freezes those it strikes, dealing additional cold damage.
   It can also slow down cold-blooded creatures.
   SInv:      It lets you see invisible.
 O - the +6 falchion of Kismet {vorpal, *Rage rPois Dex+3 SInv}
   (You found it in a bailey)

   It inflicts extra damage upon your enemies.
   Dex:       It affects your dexterity (+3).
   rPois:     It protects you from poison.
   SInv:      It lets you see invisible.
   *Rage:     It berserks you when you make melee attacks (+20% chance).
 P - a +0 vorpal war axe
Missiles
 a - 22 poisoned darts
 c - 192 stones
 x - a throwing net
Armour
 b - a +0 robe (worn)
 r - a +0 leather armour
 u - a +0 helmet (worn)
 z - a +0 cloak (worn)
 J - a +0 pair of gloves (worn)
 Q - a +2 ring mail of positive energy
Magical Staves
 A - a staff of conjuration
Jewellery
 j - a +6 ring of dexterity (right hand)
 B - a ring of flight
 L - a ring of magical power (left hand)
 M - a +6 ring of strength
Wands
 o - a wand of polymorph (14)
 q - a wand of charming (14)
 w - a wand of iceblast (15)
 K - a wand of digging (7)
 V - a wand of flame (6)
Scrolls
 d - a scroll of enchant weapon
 e - 2 scrolls of blinking
 k - a scroll of acquirement
 l - 3 scrolls of fear
 p - 3 scrolls of vulnerability
 v - 4 scrolls of teleportation
 D - 2 scrolls of enchant armour
 F - a scroll of immolation {unknown}
 G - a scroll of noise {unknown}
 I - a scroll of torment {unknown}
 S - a scroll of brand weapon {unknown}
 T - 2 scrolls of identify
Potions
 f - a potion of mutation {unknown}
 g - a potion of magic {unknown}
 i - 2 potions of heal wounds
 m - 3 potions of resistance {unknown}
 n - 2 potions of attraction {unknown}
 t - 3 potions of lignification
 C - a potion of might {unknown}
 E - 2 potions of invisibility
 H - 4 potions of curing {unknown}
 R - a potion of haste
 U - a potion of flight


   Skills:
 + Level 7.2 Fighting
 + Level 5.8 Staves
 + Level 5.9 Dodging
 - Level 2.1 Stealth
 - Level 2.0 Spellcasting
 * Level 8.5 Conjurations
 - Level 3.0 Transmutations
 + Level 9.8 Earth Magic
 + Level 5.3 Evocations


You had 10 spell levels left.
You knew the following spells:

 Your Spells              Type           Power      Damage    Failure   Level
a - Sandblast             Erth           82%        2d17      1%          1
b - Stone Arrow           Conj/Erth      76%        3d11      1%          3

Your spell library contained the following spells:

 Spells                   Type           Power      Damage    Failure   Level
 Passwall                 Tmut/Erth      22%        N/A       1%          2
 Sting                    Tmut/Pois      32%        1d4       9%          1
 Petrify                  Tmut/Erth      27%        N/A       12%         4
 Gell's Gravitas          Tloc           2%         N/A       43%         3
 Lesser Beckoning         Tloc           2%         N/A       43%         3
 Teleport Other           Tloc           2%         N/A       43%         3
 Lightning Bolt           Conj/Air       9%         1d22      58%         5
 Airstrike                Air            1%         N/A       83%         4
 Anguish                  Hex/Necr       1%         N/A       83%         4
 Summon Lightning Spire   Summ/Air       2%         N/A       83%         4
 Simulacrum               Ice/Necr       1%         N/A       100%        6
 Borgnjor's Revivificati  Necr           1%         N/A       100%        8


Dungeon Overview and Level Annotations

Branches:
Dungeon (9/15)             Temple (1/1) D:4         Ossuary (visited)
 Bailey (visited)
   Lair: D:8-11         Orc: D:9-12

Altars:
Ashenzari
Dithmenos
Fedhas
Gozag
Kikubaaqudgha
Qazlal
Ru
Sif Muna
Uskayaw
Wu Jian
Xom
Yredelemnul
Zin
The Shining One

Shops:
D:2 [   D:8 *

Annotations:
D:2 Sigmund


Innate Abilities, Weirdness & Mutations

You are immune to sickness and miasma.
Your stone body is resilient. (AC +8)
You are immune to poison.
You resist negative energy. (rN+)
You are resistant to electric shocks. (rElec)
You are resistant to unholy torment.
You are immune to petrification.


Message History

Casting: Sandblast (safe; 1% risk of failure)
Confirm with . or Enter, or press ? or * to list all spells.
Aiming: Sandblast (safe; 1% risk of failure)
Press: ? - help, Shift-Dir - straight line, f/p - komodo dragon
Aim: a komodo dragon (heavily wounded, 87% to hit)
The blast of sand misses the komodo dragon.
Casting: Sandblast (safe; 1% risk of failure)
Confirm with . or Enter, or press ? or * to list all spells.
Aiming: Sandblast (safe; 1% risk of failure)
Press: ? - help, Shift-Dir - straight line, f/p - komodo dragon
Aim: a komodo dragon (heavily wounded, 87% to hit)
The blast of sand hits the komodo dragon.
The komodo dragon is heavily wounded.
The komodo dragon bites you!
Casting: Sandblast (safe; 1% risk of failure)
Confirm with . or Enter, or press ? or * to list all spells.
Aiming: Sandblast (safe; 1% risk of failure)
Press: ? - help, Shift-Dir - straight line, f/p - komodo dragon
Aim: a komodo dragon (heavily wounded, 87% to hit)
The blast of sand hits the komodo dragon!
The komodo dragon is severely wounded.
The komodo dragon bites you!
* * * LOW HITPOINT WARNING * * *
Casting: Sandblast (safe; 1% risk of failure)
Confirm with . or Enter, or press ? or * to list all spells.
Aiming: Sandblast (safe; 1% risk of failure)
Press: ? - help, Shift-Dir - straight line, f/p - komodo dragon
Aim: a komodo dragon (severely wounded, 87% to hit)
The blast of sand hits the komodo dragon but does no damage.
The komodo dragon is severely wounded.
The komodo dragon bites you!
* * * LOW HITPOINT WARNING * * *
Aiming: Throw Flame
Press: ? - help, Shift-Dir - straight line, f/p - komodo dragon
Aim: a komodo dragon (severely wounded, 81% to hit)
The puff of flame hits the komodo dragon!
The komodo dragon is almost dead.
The komodo dragon bites you!
You die...
Your body crumbles into a pile of gold.

### ##.# ...##
....## .##.K####
##########
#####...###...Kl@..#
#####
####...#######[#
#...# ##### #.#
###...# #.####.....#
#..........#
###.###....#
...>.......#
####...#.....## .
......##.......#


You could see a komodo dragon and a kobold brigand.

Vanquished Creatures
  Erolcha (D:8)
  A two-headed ogre (D:9)
  An orc sorcerer (Bailey)
  Maurice (D:9)
  A kobold demonologist (Bailey)
  A komodo dragon (D:9)
  3 hornets (D:9)
  4 wyverns
  2 steam dragons
  Menkaure (Ossuary)
  A water moccasin (D:7)
  An acid dragon (D:9)
  10 orc warriors
  2 ice beasts
  2 necrophages
  A sky beast (D:6)
  An ogre (D:5)
  A centaur (D:4)
  Blork the orc (D:5)
  2 kobold brigands
  4 bullfrogs
  A scorpion (D:6)
  A gnoll sergeant (D:8)
  2 water moccasin zombies
  5 wights (D:8)
  10 killer bees
  3 howler monkeys (D:9)
  5 electric eels (Bailey)
  4 centaur zombies
  A gnoll shaman (D:6)
  A centaur skeleton (D:5)
  2 hounds (D:6)
  2 jellies
  2 iguanas
  2 orc wizards
  A hound skeleton (D:4)
  4 mummies
  A howler monkey zombie (D:9)
  Robin (D:2)
  A howler monkey skeleton (D:6)
  15 gnolls
  3 adders
  2 white imps
  A worm (D:4)
  A dart slug (D:2)
  17 orcs
  7 endoplasms
  A giant cockroach (D:3)
  3 gnoll zombies (Ossuary)
  21 goblins
  9 hobgoblins
  2 jackals (D:3)
  3 quokkas
  4 ball pythons
  4 bats (D:1)
  A frilled lizard (D:1)
  4 gnoll skeletons (Ossuary)
  3 goblin skeletons (Ossuary)
  5 goblin zombies (Ossuary)
  7 hobgoblin skeletons (Ossuary)
  9 hobgoblin zombies
  A jackal skeleton (D:4)
  14 kobolds
  2 kobold skeletons (Ossuary)
  3 kobold zombies (Ossuary)
  2 orc skeletons (Ossuary)
  5 orc zombies
  4 rats
  7 rat skeletons (Ossuary)
  4 rat zombies (Ossuary)
255 creatures vanquished.

Notes
Turn   | Place    | Note
-------+----------+-------------------------------------------
     0 | D:1      | fragbeetle the Gargoyle Earth Elementalist began the quest
                  | for the Orb.
     0 | D:1      | Reached XP level 1. HP: 10/10 MP: 3/3
   195 | D:1      | Reached skill level 1 in Transmutations
   195 | D:1      | Reached XP level 2. HP: 15/16 MP: 5/5
   388 | D:1      | Reached skill level 4 in Earth Magic
   444 | D:1      | Found a faded altar of an unknown god.
   749 | D:2      | Found Ykof's Armour Shop.
  1096 | D:2      | You fall into a shaft and drop 2 floors!
  1096 | D:4      | Found a shadowy altar of Dithmenos.
  1112 | D:4      | Noticed a necrophage
  1120 | D:4      | Killed a necrophage
  1121 | D:4      | Reached skill level 1 in Fighting
  1121 | D:4      | Reached skill level 5 in Earth Magic
  1121 | D:4      | Reached XP level 3. HP: 21/21 MP: 0/6
  1121 | D:4      | Reached XP level 4. HP: 26/26 MP: 0/7
  1125 | D:4      | Learned a level 3 spell: Stone Arrow
  1209 | D:4      | Found a staircase to the Ecumenical Temple.
  1218 | Temple   | Entered the Ecumenical Temple
  1447 | D:4      | Reached XP level 5. HP: 15/30 MP: 4/8
  1656 | D:4      | Noticed a centaur
  1662 | D:4      | Killed a centaur
  1818 | D:4      | Reached XP level 6. HP: 22/36 MP: 9/9
  2266 | D:2      | Noticed Sigmund
  2384 | D:2      | Found a hide-covered altar of Uskayaw.
  2395 | D:2      | Noticed Robin
  2610 | D:2      | Killed Robin
  3194 | D:3      | Reached skill level 6 in Earth Magic
  3971 | D:4      | Noticed an ice beast
  3977 | D:4      | Killed an ice beast
  3978 | D:4      | Reached XP level 7. HP: 27/41 MP: 2/10
  4174 | D:4      | Found a shimmering blue altar of Sif Muna.
  4396 | D:5      | Entered Level 5 of the Dungeon
  4427 | D:5      | Found a hide-covered altar of Uskayaw.
  4508 | D:5      | Found a sand-covered staircase.
  4515 | Ossuary  | Entered an ossuary
  4878 | Ossuary  | Reached skill level 1 in Staves
  4952 | Ossuary  | Reached skill level 1 in Evocations
  5008 | Ossuary  | Noticed Menkaure
  5010 | Ossuary  | Killed Menkaure
  5531 | D:5      | Noticed Blork the orc
  5536 | D:5      | Killed Blork the orc
  5537 | D:5      | Reached skill level 7 in Earth Magic
  5624 | D:5      | Reached XP level 8. HP: 34/48 MP: 11/11
  6386 | D:6      | Reached skill level 1 in Conjurations
  8032 | D:7      | Found a flagged portal.
  8046 | Bailey   | Entered a bailey
  8237 | Bailey   | Noticed a kobold demonologist
  8328 | Bailey   | Noticed a ynoxinul
  8358 | Bailey   | Reached XP level 9. HP: 32/52 MP: 12/12
  8930 | Bailey   | Reached skill level 5 in Fighting
  8930 | Bailey   | Reached skill level 8 in Earth Magic
  9466 | Bailey   | Killed a kobold demonologist
  9467 | Bailey   | Reached skill level 5 in Conjurations
  9480 | Bailey   | Noticed an orc sorcerer
  9484 | Bailey   | Noticed an ice devil
  9761 | Bailey   | Noticed an ice devil
  9762 | Bailey   | Killed an orc sorcerer
  9798 | Bailey   | Found an iron altar of Okawaru.
  9816 | Bailey   | Got Qayhot's Volume of Twisted Toxins
  9822 | Bailey   | Identified the +2 quarterstaff of the Wilderness {freeze,
                  | SInv}
  9824 | Bailey   | Identified the +6 falchion of Kismet {vorpal, *Rage rPois
                  | Dex+3 SInv}
  9987 | D:7      | Reached XP level 10. HP: 48/60 MP: 13/13
 10003 | D:7      | Found an ornate altar of the Wu Jian Council.
 10734 | D:8      | Reached skill level 5 in Dodging
 11055 | D:8      | Found Matok's Mass Market.
 11826 | D:8      | Reached skill level 9 in Earth Magic
 12280 | D:9      | Reached skill level 5 in Staves
 12302 | D:9      | Noticed a two-headed ogre
 12314 | D:9      | Noticed Maurice
 12543 | D:9      | Noticed Erolcha
 12543 | D:9      | Found an opulent altar of Gozag.
 12549 | D:9      | Killed a two-headed ogre
 13007 | D:8      | Killed Erolcha
 13008 | D:8      | Reached skill level 5 in Evocations
 13130 | D:9      | Reached XP level 11. HP: 57/66 MP: 7/14
 13152 | D:9      | Killed Maurice
 13257 | D:9      | Became a worshipper of Gozag Ym Sagoz the Greedy
 13539 | D:9      | Slain by a komodo dragon

Illustrated notes

Levels and vault maps discovered:
D:1:      ncdulo_halloftheorcs, layout_rooms,
          hellmonk_ecumenical_altar_heavens_door, minmay_misc_feat_square
D:2:      layout_basic, serial_shops, shop, basic_altar, uniq_robin,
          uniq_sigmund
D:3:      layout_rooms, amcnicky_mini_rare_corridor_liquid, saegor_snake_ambush
D:4:      layout_gridville, lemuel_tele_altar, grunt_dithmenos_smoke,
          minmay_temple_entry_waves, minmay_circle_x
D:5:      layout_basic, nicolae_uskayaw_dance_hall, chequers_ossuary_entry_cave,
          minmay_mini_ossuary, uniq_blork_the_orc
D:6:      wad_pebble_path, layout_basic
D:7:      layout_basic, general_overflow_altar, enter_bailey_6, uniq_menkaure
D:8:      layout_basic, minmay_crystal_room, minmay_shop_mass
D:9:      nzn_winding_woodlands_medium [nzn_winding_woodlands_5x5_open_star,
          nzn_winding_woodlands_5x15_pool, nzn_winding_woodlands_hourglass,
          nzn_winding_woodlands_5x5_three, nzn_winding_woodlands_center_lodge,
          nzn_winding_woodlands_5x5_cross, nzn_winding_woodlands_5x5_perimeter,
          nzn_winding_woodlands_5x15_longhouse,
          nzn_winding_woodlands_5x5_checkerboard], layout_rooms,
          beargit_hepliaklqana_dungeon_heroes, amcnicky_altar_gilded,
          nemelex_spade_bored_becter, erik_lair_dragon, uniq_maurice, uniq_grum,
          uniq_erolcha
Temple:   dpeg_three_leaves_temple

Skill      XL: |  1  2  3  4  5  6  7  8  9 10 11 |
---------------+----------------------------------+-----
Transmutations | 1 2 3 |  3.0
Earth Magic    | 5 6 7 8 9 |  9.8
Fighting       | 1 2 3 4 5 6 7 |  7.2
Dodging        | 2 3 4 5 |  5.9
Staves         | 1 3 4 5 |  5.8
Evocations     | 1 2 4 5 |  5.3
Conjurations   | 3 6 7 8 |  8.5
Stealth        | |  2.1
Spellcasting   | |  2.0

Action                   |  1- 3 |  4- 6 |  7- 9 | 10-12 || total
-------------------------+-------+-------+-------+-------++-------
Melee: Club              |    12 |       |       |       ||    12
       Unarmed           |    10 |       |       |       ||    10
       Flail             |    31 |    29 |       |       ||    60
       Dagger            |       |    77 |       |       ||    77
       Staff             |       |    28 |   514 |       ||   542
       Punch             |       |       |     5 |       ||     5
       Quarterstaff      |       |       |    12 |   175 ||   187
 Cast: Sandblast         |     8 |    24 |    60 |    21 ||   113
       Stone Arrow       |       |     9 |    53 |    55 ||   117
Evoke: Wand              |       |       |       |     4 ||     4
  Use: Scroll            |       |       |     9 |     4 ||    13
 Stab: Sleeping          |     2 |     7 |     4 |     2 ||    15
       Distracted        |       |       |       |     1 ||     1
Armor: Robe              |    26 |    48 |   159 |   105 ||   338
Dodge: Dodged            |    45 |   115 |   364 |   201 ||   725

Table legend: (Time is in decaauts)
 A = Elapsed time spent in this place.
 B = Non-inter-level travel time spent in this place.
 C = Inter-level travel time spent in this place.
 D = Time resting spent in this place.
 E = Time spent auto-exploring this place.
 F = Levels seen in this place.
 G = Mean time per level.
                   A        B        C        D        E       F      G
               +--------+--------+--------+--------+--------+-----+--------+
         Total |  13650 |  13384 |    266 |   3373 |   5000 |  12 | 1137.5 |
       Dungeon |  10836 |  10570 |    266 |   2162 |   4968 |   9 | 1204.0 |
        Temple |     88 |     88 |      0 |      0 |     32 |   1 |   88.0 |
       Ossuary |    834 |    834 |      0 |    227 |      0 |   1 |  834.0 |
        Bailey |   1892 |   1892 |      0 |    984 |      0 |   1 | 1892.0 |
               +--------+--------+--------+--------+--------+-----+--------+

Top non-repeatable levels by time:
     D:8: 2543 daAuts
  Bailey: 1892 daAuts
     D:4: 1543 daAuts
     D:6: 1493 daAuts
     D:3: 1085 daAuts
     D:5: 982 daAuts
     D:2: 966 daAuts
     D:7: 883 daAuts
 Ossuary: 834 daAuts
     D:1: 760 daAuts
     D:9: 578 daAuts
  Temple: 88 daAuts
